 Dungeon Crawl Stone Soup version 0.28-a0-932-g843f935a50 (webtiles) character file.

Game seed: 619672752843309797

81 bearlyready the Vandal (level 4, 0/40 HPs)
             Began as a Minotaur Hunter on Nov 28, 2021.
             Slain by an iguana (7 damage)
             ... on level 4 of the Dungeon.
             The game lasted 00:02:00 (1261 turns).

bearlyready the Vandal (Minotaur Hunter)            Turns: 1261, Time: 00:02:00

Health: 0/40       AC:  7    Str: 18    XL:     4   Next: 19%
Magic:  3/3        EV: 10    Int:  8    God:
Gold:   67         SH:  0    Dex: 10    Spells: 3/3 levels left

rFire   . . .      SeeInvis .   a - +1 hunting sling
rCold   . . .      Faith    .   (no shield)
rNeg    . . .      Spirit   .   f - +0 scale mail
rPois   .          Reflect  .   (helmet restricted)
rElec   .          Harm     .   (no cloak)
rCorr   .          Rampage  .   (no gloves)
Will    .....                   j - +0 pair of boots
Stlth   ..........              (no amulet)
HPRegen 0.13/turn               (no ring)
MPRegen 0.08/turn               (no ring)

@: no status effects
A: horns 2, retaliatory headbutt
a: no special abilities


You were on level 4 of the Dungeon.
You visited 1 branch of the dungeon, and saw 3 of its levels.

You collected 67 gold pieces.

Inventory:

Hand Weapons
 a - a +1 hunting sling (weapon)
 b - a +0 short sword
 h - a +0 rapier
Missiles
 d - 13 sling bullets (quivered ammo)
 e - 24 stones
 i - 2 silver javelins
Armour
 c - a +0 leather armour
 f - a +0 scale mail (worn)
 j - a +0 pair of boots (worn)
Scrolls
 g - a scroll of identify


   Skills:
 + Level 3.8 Fighting
 + Level 5.7 Slings
 - Level 2.1 Dodging
 - Level 0.7 Stealth


You had 3 spell levels left.
You didn't know any spells.
Your spell library was empty.

Dungeon Overview and Level Annotations

Branches:
Dungeon (2/15)

Altars:

Annotations:
D:4 Menkaure


Innate Abilities, Weirdness & Mutations

You have a pair of horns on your head.
You reflexively headbutt those who attack you in melee.


Message History

The sling bullet closely misses the iguana.
Fire: 18 sling bullets
Press: ? - help, Q - select action, (/) - cycle Shift-Dir - straight line, f/p - iguana
Aim: an iguana (64% to hit)
You shoot a sling bullet.
The sling bullet barely misses the iguana.
The iguana closely misses you. You furiously retaliate!
You headbutt the iguana.
Fire: 17 sling bullets
Press: ? - help, Q - select action, (/) - cycle Shift-Dir - straight line, f/p - iguana
Aim: an iguana (lightly wounded, 64% to hit)
You shoot a sling bullet.
The sling bullet closely misses the iguana.
The iguana bites you!
Fire: 16 sling bullets
Press: ? - help, Q - select action, (/) - cycle Shift-Dir - straight line, f/p - iguana
Aim: an iguana (64% to hit)
You shoot a sling bullet.
The sling bullet barely misses the iguana.
The iguana bites you.
Fire: 15 sling bullets
Press: ? - help, Q - select action, (/) - cycle Shift-Dir - straight line, f/p - iguana
Aim: an iguana (64% to hit)
You shoot a sling bullet. The sling bullet hits the iguana.
The iguana is moderately wounded.
The iguana bites you!
* * * LOW HITPOINT WARNING * * *
It was a potion of curing.
You feel better. The iguana bites you!
* * * LOW HITPOINT WARNING * * *
You aren't carrying any potions.
Okay, then.
Unknown command.
Fire: 14 sling bullets
Press: ? - help, Q - select action, (/) - cycle Shift-Dir - straight line, f/p - iguana
Aim: an iguana (moderately wounded, 64% to hit)
You shoot a sling bullet.
The sling bullet hits the iguana but does no damage.
The iguana is moderately wounded.
The iguana bites you!
You die...

...=... .(.
......## ...
........ ....
....[#.# .M...
.....#.##...
#.#.... .# #.#..#
#####...#
#.#..##..#
#.l(....#
#........# #@#
#.......##### #.#
### #.#######
##.####.## #
###...##.#.##
#.......###.######
#......## ##.....#
#.......###.####.#
#.....##.#.##
####.####.##


You could see an iguana.

Vanquished Creatures
  A water moccasin skeleton (D:4)
  An orc (D:2)
  2 bats (D:1)
  3 endoplasms (D:1)
  A giant cockroach (D:1)
  2 goblins
  A hobgoblin (D:1)
  5 kobolds
  2 quokkas (D:1)
  3 ball pythons (D:1)
  A quokka skeleton (D:4)
  6 rats (D:1)
28 creatures vanquished.

Notes
Turn   | Place    | Note
-------+----------+-------------------------------------------
     0 | D:1      | bearlyready the Minotaur Hunter began the quest for the
                  | Orb.
     0 | D:1      | Reached XP level 1. HP: 18/18 MP: 0/0
   338 | D:1      | Reached XP level 2. HP: 25/25 MP: 1/1
   373 | D:1      | Reached skill level 5 in Slings
   913 | D:2      | Reached XP level 3. HP: 30/31 MP: 2/2
   999 | D:4      | Noticed Menkaure
  1002 | D:4      | Noticed an ogre
  1199 | D:4      | Reached XP level 4. HP: 37/40 MP: 3/3
  1261 | D:4      | Slain by an iguana

Illustrated notes

Levels and vault maps discovered:
D:1:      nzn_arrival_water_spiral, layout_basic, chequers_serial_rivers_small_b
D:2:      layout_basic, hellmonk_ecumenical_altar_heavens_door,
          palyth_stone_intersect, minmay_worlds_worst_comb
D:4:      layout_loops_cross, nicolae_vehumet_altar_sigil, uniq_menkaure,
          uniq_grinder

Skill      XL: |  1  2 |
---------------+-------+-----
Slings         | 5 |  5.7
Fighting       | 3 |  3.8
Dodging        | |  2.1
Stealth        | |  0.7

Action                   |  1- 3 |  4- 6 || total
-------------------------+-------+-------++-------
Melee: Short sword       |    11 |       ||    11
       Headbutt          |     1 |       ||     1
 Fire: Hunting sling     |    70 |    11 ||    81
  Use: Scroll            |     2 |       ||     2
       Potion            |     1 |     1 ||     2
Armor: Scale mail        |    11 |     1 ||    12
       Leather armour    |     2 |       ||     2
Dodge: Dodged            |    13 |     1 ||    14

Table legend: (Time is in decaauts)
 A = Elapsed time spent in this place.
 B = Non-inter-level travel time spent in this place.
 C = Inter-level travel time spent in this place.
 D = Time resting spent in this place.
 E = Time spent auto-exploring this place.
 F = Levels seen in this place.
 G = Mean time per level.
                   A        B        C        D        E       F      G
               +--------+--------+--------+--------+--------+-----+--------+
         Total |   1259 |   1258 |      1 |      0 |   1034 |   3 |  419.7 |
       Dungeon |   1259 |   1258 |      1 |      0 |   1034 |   3 |  419.7 |
               +--------+--------+--------+--------+--------+-----+--------+

Top non-repeatable levels by time:
     D:1: 873 daAuts
     D:4: 259 daAuts
     D:2: 127 daAuts
